 Dungeon Crawl Stone Soup version 0.25-a0-577-ga4619f409e (webtiles) character file.

Game seed: 7819854734179052677, levelgen mode: deterministic

1015 Flugslaktarn the Chopper (level 8, -2/70 HPs)
             Began as a Minotaur Fighter on Mar 2, 2020.
             Slain by a wight
             ... wielding a +2 trident of freezing
              (4 damage)
             ... on level 6 of the Dungeon.
             The game lasted 00:01:05 (3391 turns).

Flugslaktarn the Chopper (Minotaur Fighter)         Turns: 3391, Time: 00:01:06

Health: -2/70      AC: 11    Str: 23    XL:     8   Next: 1%
Magic:  7/7        EV:  7    Int:  5    God:
Gold:   241        SH: 10    Dex: 10    Spells: 7/7 levels left

rFire    . . .     SeeInvis .   a - +0 war axe
rCold    . . .     Gourm    .   c - +0 kite shield
rNeg     . . .     Faith    +   b - +0 scale mail
rPois    .         Spirit   .   (helmet restricted)
rElec    .         Reflect  .   (no cloak)
rCorr    .         Harm     .   (no gloves)
MR       .....                  (no boots)
Stlth    ..........             t - amulet of faith
HPRegen  0.21/turn              p - +4 ring of protection
MPRegen  0.10/turn              (no ring)

@: heavily drained
A: retaliatory headbutt, horns 2
a: no special abilities


You were on level 6 of the Dungeon.
You were not hungry.

You visited 1 branch of the dungeon, and saw 6 of its levels.

You collected 241 gold pieces.

Inventory:

Hand Weapons
 a - a +0 war axe (weapon)
Missiles
 m - 4 throwing nets (quivered)
Armour
 b - a +0 scale mail (worn)
 c - a +0 kite shield (worn)
Jewellery
 p - a +4 ring of protection (left hand)
   (You found it on level 4 of the Dungeon)
 t - an amulet of faith (around neck)
   (You found it on level 4 of the Dungeon)
Wands
 A - a wand of acid (5)
   (You found it on level 5 of the Dungeon)
Scrolls
 f - 3 scrolls of teleportation {unknown}
 g - 5 scrolls of identify {unknown}
 h - a scroll of enchant weapon {unknown}
 r - a scroll of random uselessness {unknown}
 u - a scroll of fear {unknown}
 x - a scroll of amnesia {unknown}
 y - a scroll of noise {unknown}
 D - a scroll of remove curse {unknown}
Potions
 d - a potion of might
 i - 2 potions of magic {unknown}
 j - a potion of berserk rage {unknown}
 k - 4 potions of heal wounds {unknown}
 l - a potion of curing {unknown}
 n - a potion of resistance
 o - a potion of experience {unknown}
 q - a potion of mutation {unknown}
 s - a potion of cancellation {unknown}
 v - a potion of lignification {unknown}
 w - 2 potions of brilliance {unknown}
 z - 2 potions of invisibility {unknown}
 B - 2 potions of degeneration {unknown}
Comestibles
 e - 7 rations


   Skills:
 + Level 6.1(4.7) Fighting
 * Level 7.4(6.0) Axes
 + Level 6.1(4.7) Armour
 + Level 6.1(4.7) Shields


You had 7 spell levels left.
You didn't know any spells.
Your spell library was empty.

Dungeon Overview and Level Annotations

Branches:
Dungeon (6/15)
 Temple: D:4-7

Altars:
Ashenzari
Dithmenos
Okawaru
Vehumet
Xom
Yredelemnul

Shops:
D:5 }


Innate Abilities, Weirdness & Mutations

You reflexively headbutt those who attack you in melee.
You have a pair of horns on your head.


Message History

* * * LOW HITPOINT WARNING * * *
You block the wight's attack.
You slash the wight!
You destroy the wight!
You have reached level 8!
You feel stronger.
You closely miss the wight. You block the wight's attack.
Your shield and scale mail prevent you from hitting the wight.
The wight is severely damaged.
The wight hits you with a +2 trident of freezing!
* * * LOW HITPOINT WARNING * * *
You feel drained.
* * * LOW HITPOINT WARNING * * *
The wight freezes you.
* * * LOW HITPOINT WARNING * * *
You hit the wight.
The wight is almost destroyed.
The wight barely misses you.
The wight hits you with a +2 trident of freezing.
You die...

.......# .......
#.....##. # ###
#..^..... #.#....
.....$...
#...#.###.......# ...
$......)z......# ...#
..#.#.#@......#
#.###.#............
#.....#.#.#........
###...........#.#.###
...............# #
#.###††##.<......
###................
#...##..#.###.#.#..
+..<##..#... .#....


You could see a wight.

Vanquished Creatures
  An orc warrior (D:5)
  An ice beast (D:6)
  2 phantoms (D:5)
  A centaur (D:3)
  A water moccasin zombie (D:6)
  2 wights (D:6)
  A bullfrog zombie (D:5)
  A crimson imp (D:5)
  2 hounds
  2 orc priests (D:5)
  2 bullfrog skeletons
  An iguana (D:5)
  2 worker ants
  A hound zombie (D:5)
  2 gnolls (D:3)
  5 adders
  2 worms (D:3)
  A dart slug (D:2)
  3 orcs
  3 goblins
  3 hobgoblins
  7 jackals
  2 quokkas
  4 bats
  A giant cockroach zombie (D:5)
  2 kobolds
  A leopard gecko skeleton (D:4)
  A quokka skeleton (D:4)
  6 rats
63 creatures vanquished.

Notes
Turn   | Place    | Note
-------+----------+-------------------------------------------
     0 | D:1      | Flugslaktarn the Minotaur Fighter began the quest for the
                  | Orb.
     0 | D:1      | Reached XP level 1. HP: 19/19 MP: 0/0
   276 | D:2      | Reached XP level 2. HP: 27/27 MP: 1/1
   292 | D:2      | Reached skill level 3 in Axes
   292 | D:2      | Reached XP level 3. HP: 24/33 MP: 2/2
   686 | D:3      | Reached XP level 4. HP: 23/40 MP: 3/3
   887 | D:3      | Reached skill level 4 in Axes
  1006 | D:3      | Noticed a centaur
  1011 | D:3      | Killed a centaur
  1011 | D:3      | Reached XP level 5. HP: 29/47 MP: 4/4
  1188 | D:3      | Reached skill level 5 in Axes
  1575 | D:4      | Found a shattered altar of Ashenzari.
  1577 | D:4      | Found a basalt altar of Yredelemnul.
  1577 | D:4      | Found a sacrificial altar of Ru.
  1579 | D:4      | Found a shimmering altar of Xom.
  1579 | D:4      | Found a shattered altar of Ashenzari.
  1579 | D:4      | Found a radiant altar of Vehumet.
  1653 | D:4      | Found a shadowy altar of Dithmenos.
  1848 | D:4      | Reached XP level 6. HP: 54/55 MP: 5/5
  2181 | D:4      | Found an iron altar of Okawaru.
  2203 | D:5      | Entered Level 5 of the Dungeon
  2262 | D:5      | Noticed an orc warrior
  2267 | D:5      | Killed an orc warrior
  2267 | D:5      | Reached skill level 5 in Fighting
  2267 | D:5      | Reached skill level 5 in Armour
  2267 | D:5      | Reached skill level 5 in Shields
  2485 | D:5      | Found a shattered altar of Ashenzari.
  2523 | D:5      | Reached skill level 6 in Axes
  2546 | D:5      | Reached XP level 7. HP: 48/61 MP: 6/6
  2667 | D:5      | Found Daimotto's Gadget Shop.
  3352 | D:6      | Reached skill level 7 in Axes
  3389 | D:6      | Reached XP level 8. HP: 12/70 MP: 7/7
  3390 | D:6      | HP: 2/70 [wight/+2 trident of freezing (2)]
  3391 | D:6      | Slain by a wight

Levels and vault maps discovered:
D:1:      tarquinn_simple_flora_water_e, layout_basic, chequers_jeans
D:2:      minmay_evil_eye, layout_basic, nicolae_overflow_crystal_walls,
          lemuel_blue_sif_altar, old_standard_altar
D:3:      layout_loops_cross, lemuel_round_altar, serial_glass, glass_columns_c,
          glass_columns_a, kennysheep_orc_chapel, uniq_natasha, uniq_ijyb
D:4:      layout_loops_corners, lemuel_crystal_altar, doesnt_xom_only_xom,
          lemuel_coloured_pillars_altar, first_ration
D:5:      layout_basic, evilmike_ruin_ashenzari, serial_shops, shop_statue
D:6:      layout_basic, lemuel_doored_altar, minmay_temple_entry_overgrown,
          basic_altar, uniq_grinder

Skill      XL: |  1  2  3  4  5  6  7 |
---------------+----------------------+-----
Fighting       | 4 5 6 |  6.1
Axes           | 3 4 5 6 7 |  7.4
Armour         | 4 5 6 |  6.1
Shields        | 4 5 6 |  6.1

Action                   |  1- 3 |  4- 6 |  7- 9 || total
-------------------------+-------+-------+-------++-------
Melee: War axe           |    64 |    84 |    62 ||   210
       Headbutt          |     6 |    16 |    19 ||    41
  Eat: Chunk             |       |     5 |     3 ||     8
Armor: Scale mail        |    36 |    27 |    22 ||    85
Dodge: Dodged            |    27 |    30 |    25 ||    82
Block: Kite shield       |    33 |    50 |    30 ||   113

Table legend:
 A = Non-vault XP
 B = Vault XP
 C = Vault XP percentage of total XP
 D = Non-vault monster count
 E = Vault monster count
 F = Vault count percentage of total count
                 A         B        C        D         E       F
            +---------+---------+-------+---------+---------+-------
      Total |    1451 |       0 |   0.0 |      63 |       0 |   0.0
            +---------+---------+-------+---------+---------+-------
        D:1 |      11 |       0 |   0.0 |       7 |       0 |   0.0
        D:2 |      73 |       0 |   0.0 |      10 |       0 |   0.0
        D:3 |     240 |       0 |   0.0 |      21 |       0 |   0.0
        D:4 |      85 |       0 |   0.0 |       5 |       0 |   0.0
        D:5 |     715 |       0 |   0.0 |      14 |       0 |   0.0
        D:6 |     327 |       0 |   0.0 |       6 |       0 |   0.0
            +---------+---------+-------+---------+---------+-------
